 Dungeon Crawl Stone Soup version 0.30.1-11-g7821555f0a (webtiles) character file.

Game seed: 439286841032478503

7302 murkle the Fighter (level 10, 0/83 HPs)
             Began as a Demonspawn Monk on Dec 6, 2023.
             Was a High Priest of Wu Jian.
             Slain by a komodo dragon (20 damage)
             ... on level 9 of the Dungeon.
             The game lasted 00:53:17 (8673 turns).

murkle the Fighter (Demonspawn Monk)                Turns: 8673, Time: 00:53:18

Health: 0/83       AC: 10    Str: 16    XL:     10   Next: 90%
Magic:  15/15      EV: 13    Int: 11    God:    Wu Jian [*****.]
Gold:   251        SH:  9    Dex: 11    Spells: 9/9 levels left

rFire   + . .        l - +5 whip "Yzukhluum" {heavy, Fly rElec rF+ Dex-5}
rCold   . . .        d - orb {light}
rNeg    + . .        J - +0 acid dragon scales
rPois   .            (no helmet)
rElec   +            (no cloak)
rCorr   +            A - +0 pair of gloves
SInv    .            j - +0 pair of boots
Will    +....        k - amulet of reflection
Stlth   +            u - ring of willpower
HPRegen 0.33/turn    y - ring of positive energy
MPRegen 0.14/turn

%: reflection
@: flying, glowing
A: claws 1, large bone plates 1, spiny 2, demonic magic 3
a: Renounce Religion, Wall Jump, Serpent's Lash, Heavenly Storm


You were on level 9 of the Dungeon.
You worshipped Wu Jian.
Wu Jian was extremely pleased with you.
You visited 2 branches of the dungeon, and saw 10 of its levels.

You collected 475 gold pieces.
You spent 224 gold pieces at shops.

Inventory:

Hand Weapons
 a - a +0 mace
 l - the +5 whip "Yzukhluum" (weapon) {heavy, Fly rElec rF+ Dex-5}
   (You found it on level 2 of the Dungeon)

   Dex:       It affects your dexterity (-5).
   rF:        It protects you from fire.
   rElec:     It insulates you from electricity.
   Fly:       It grants you flight.
 F - a +2 flail of protection
Missiles
 L - a throwing net
Armour
 b - a +0 robe
 d - an orb of light (worn)
 f - a +0 ring mail
 j - a +0 pair of boots (worn)
 v - a +0 cloak
 A - a +0 pair of gloves (worn)
 B - a scarf of invisibility
 G - +0 steam dragon scales
 J - +0 acid dragon scales (worn)
Jewellery
 k - an amulet of reflection (around neck)
 u - a ring of willpower (left hand)
 y - a ring of positive energy (right hand)
Wands
 K - a wand of iceblast (7) (quivered)
Scrolls
 g - 6 scrolls of identify {unknown}
 h - 3 scrolls of enchant weapon {unknown}
 i - 3 scrolls of immolation {unknown}
 m - 3 scrolls of noise {unknown}
 p - a scroll of amnesia {unknown}
 r - 5 scrolls of teleportation {unknown}
 s - a scroll of fear {unknown}
 x - 2 scrolls of fog {unknown}
 H - a scroll of torment {unknown}
Potions
 c - a potion of ambrosia
 e - 4 potions of curing
 n - 3 potions of might {unknown}
 o - 3 potions of heal wounds
 q - 4 potions of mutation {unknown}
 t - 2 potions of lignification {unknown}
 w - 2 potions of berserk rage {unknown}
 z - 2 potions of degeneration {unknown}
 C - 3 potions of cancellation {unknown}
 D - a potion of brilliance {unknown}
 E - 2 potions of invisibility {unknown}
 I - 2 potions of flight {unknown}
 M - a potion of haste


   Skills:
 * Level 9.0 Fighting
 * Level 8.3 Maces & Flails
 * Level 6.9 Armour
 + Level 7.0 Dodging
 + Level 7.2 Invocations


You had 9 spell levels left.
You didn't know any spells.
Your spell library contained the following spells:

 Spells                   Type           Power      Damage    Failure   Level
 Beastly Appendage        Tmut           0%         N/A       43%         1
 Foxfire                  Conj/Fire      0%         2x1d4     43%         1
 Slow                     Hex            0%         N/A       43%         1
 Cigotuvi's Dreadful Rot  Necr/Pois/Air  0%         N/A       56%         2
 Ensorcelled Hibernation  Hex/Ice        0%         N/A       56%         2
 Passwall                 Tmut/Erth      0%         N/A       56%         2
 Static Discharge         Conj/Air       0%         2-2/arc   56%         2
 Sublimation of Blood     Necr           0%         N/A       56%         2
 Wereblood                Tmut           0%         N/A       56%         2
 Confusing Touch          Hex            0%         N/A       80%         3
 Ignite Poison            Fire/Tmut/Pois 0%         N/A       80%         3
 Spider Form              Tmut/Pois      0%         N/A       80%         3
 Swiftness                Air            0%         N/A       80%         3
 Vampiric Draining        Necr           0%         2d6       80%         3
 Airstrike                Air            0%         2d(0-16)  99%         4
 Cause Fear               Hex            0%         N/A       99%         4
 Summon Lightning Spire   Summ/Air       0%         N/A       99%         4
 Fireball                 Conj/Fire      0%         3d3       100%        5
 Freezing Cloud           Conj/Ice/Air   0%         6-21      100%        5
 Plasma Beam              Fire/Air       0%         2x1d11    100%        6
 Starburst                Conj/Fire      0%         6d3       100%        6
 Dragon Form              Tmut           0%         N/A       100%        7
 Summon Hydra             Summ           0%         N/A       100%        7
 Dragon's Call            Summ           0%         N/A       100%        9


Dungeon Overview and Level Annotations

Branches:
Dungeon (9/15)             Temple (0/1) D:4            Lair (1/5) D:9
    Orc: D:9-12

Altars:
Dithmenos
Fedhas
Gozag
Hepliaklqana
Nemelex Xobeh
Okawaru
Qazlal
Ru
Uskayaw
Wu Jian

Shops:
D:1 =   D:2 =([(*   D:5 [   D:6 [   D:7 =   D:9 *

Annotations:
D:8 6 runed translucent doors, SnailSD's ghost, novice MiBe


Innate Abilities, Weirdness & Mutations

You have sharp fingernails.
You are partially covered in large bone plates. (SH +4)
You are mostly covered in sharp spines.
Spells you cast and wands you use may paralyse nearby enemies.


Message History

The blink frog hits you but does no damage.
The blink frog blinks!
You barely miss the blink frog. You block the blink frog's attack.
The blink frog blinks!
You closely miss Prince Ribbit.
Prince Ribbit is severely wounded.
You block Prince Ribbit's attack. The komodo dragon bites you!
Prince Ribbit blinks!
You hit the komodo dragon.
The komodo dragon is lightly wounded.
You block the blink frog's attack. You block the komodo dragon's attack.
The blink frog is struck by your spines.
The blink frog hits you.
The blink frog blinks!
The komodo dragon attacks as you move away!
The komodo dragon bites you!
The blink frog is struck by your spines.
The blink frog hits you but does no damage.
The blink frog hits you!
The komodo dragon attacks as you move away!
You block the komodo dragon's attack.
The blink frog blinks!
Prince Ribbit is struck by your spines.
You kill Prince Ribbit!
The Council accepts your kill.
Prince Ribbit returns to his original shape as he dies.
You block the blink frog's attack.
There is a staircase back to the Dungeon here.
The blink frog hits you! You block the komodo dragon's attack.
You block the blink frog's attack.
The blink frog is struck by your spines.
The blink frog hits you.
* * * LOW HITPOINT WARNING * * *
The blink frog blinks!
You fly upwards.
Welcome back to the Dungeon!
There is a staircase to the Lair here.
The blink frog attacks as you move away!
You block the blink frog's attack.
The blink frog blinks!
The komodo dragon attacks as you move away!
The komodo dragon is struck by your spines.
The komodo dragon bites you!!
You die...

#.###.#......).........#.........
#.###.###.#<.)...................
.................................
##.##.#...#........##).[.........
##....#.#.##..."...##[###########
####..#<#..#.........)#
####.##.#.......####
###...#..F...#..##
###...###.......@##
#...##..........l##
..####..........ยง.###############
### #..........................# #
#...........##############.# #
#..........................# #
#...######################## #
#####


You could see a komodo dragon and a blink frog.

Vanquished Creatures
  A deep elf pyromancer (D:8)
  A hornet (D:9)
  Prince Ribbit (Lair:1)
  Grinder (D:3)
  A blink frog (Lair:1)
  16 yaks (D:9)
  2 steam dragons
  Edmund (D:6)
  2 acid dragons
  2 water moccasins (D:9)
  2 orc warriors
  An ice beast (D:7)
  A sky beast (D:7)
  2 ogres (D:5)
  2 centaurs
  2 phantoms (D:4)
  2 kobold brigands
  A bullfrog (D:6)
  A gnoll sergeant (D:7)
  2 scorpions (D:6)
  11 wights
  14 killer bees
  A howler monkey (D:6)
  A crimson imp (D:9)
  3 hounds
  A gnoll bouda (D:7)
  2 iguanas
  6 orc wizards
  8 gnolls (D:7)
  6 adders
  2 shadow imps
  5 white imps
  An ufetubus (D:5)
  3 worms
  2 dart slugs
  20 orcs
  4 bats
  8 endoplasms
  4 giant cockroaches
  10 goblins
  9 hobgoblins
  9 jackals
  2 quokkas
  5 ball pythons
  8 frilled lizards
  16 kobolds
  4 rats
209 creatures vanquished.

Notes
Turn   | Place    | Note
-------+----------+-------------------------------------------
     0 | D:1      | murkle the Demonspawn Monk began the quest for the Orb.
     0 | D:1      | Reached XP level 1. HP: 18/18 MP: 1/1
    94 | D:1      | Found a faded altar of an unknown god.
   110 | D:1      | Prayed at the altar of an unknown god.
   110 | D:1      | Became a worshipper of the Wu Jian Council
   110 | D:1      | Reached * piety under Wu Jian
   110 | D:1      | Reached ** piety under Wu Jian
   158 | D:1      | Gained mutation: Spells you cast may paralyse adjacent
                  | enemies. [demonic ancestry]
   158 | D:1      | Reached XP level 2. HP: 14/24 MP: 2/2
   189 | D:1      | Reached *** piety under Wu Jian
   377 | D:1      | Found Asog's Jewellery Boutique.
   601 | D:1      | Gained mutation: Spells you cast may paralyse nearby
                  | enemies. [demonic ancestry]
   601 | D:1      | Reached XP level 3. HP: 29/29 MP: 3/3
   862 | D:2      | Found Bates's Jewellery Emporium.
  1096 | D:2      | Found Saitoseza's Antique Armour Boutique.
  1232 | D:2      | Found Ritroqo's Weapon Emporium.
  1353 | D:2      | Found Ibugef's Assorted Antiques.
  1421 | D:2      | Found Ylumpo's Antique Weapon Shoppe.
  1665 | D:2      | Identified the +5 whip "Yzukhluum" {heavy, Fly rElec rF+
                  | Dex-5}
  1689 | D:2      | Gained mutation: You are partially covered in sharp spines.
                  | [demonic ancestry]
  1689 | D:2      | Reached XP level 4. HP: 36/36 MP: 4/4
  2321 | D:3      | Noticed Grinder
  2323 | D:3      | Paralysed by Grinder for 2 turns
  2328 | D:3      | Paralysed by Grinder for 5 turns
  2342 | D:3      | Paralysed by Grinder for 5 turns
  2349 | D:3      | Paralysed by Grinder for 3 turns
  2361 | D:3      | Killed Grinder
  2362 | D:3      | Reached skill level 4 in Fighting
  2362 | D:3      | Reached skill level 1 in Armour
  2362 | D:3      | Reached skill level 1 in Invocations
  2362 | D:3      | Gained mutation: You have sharp fingernails. [demonic
                  | ancestry]
  2362 | D:3      | Reached XP level 5. HP: 12/42 MP: 4/6
  2362 | D:3      | Gained mutation: Spells you cast and wands you use may
                  | paralyse nearby enemies. [demonic ancestry]
  2362 | D:3      | Reached XP level 6. HP: 14/48 MP: 4/7
  2628 | D:3      | Found a sacrificial altar of Ru.
  2678 | D:4      | Reached **** piety under Wu Jian
  2727 | D:4      | Found a staircase to the Ecumenical Temple.
  2906 | D:4      | Noticed a +0 hand axe
  2907 | D:4      | Found a hide-covered altar of Uskayaw.
  2908 | D:4      | Noticed a +0 hand axe
  3335 | D:4      | Found a stormy altar of Qazlal.
  3554 | D:5      | Entered Level 5 of the Dungeon
  3575 | D:5      | Gained mutation: You are mostly covered in sharp spines.
                  | [demonic ancestry]
  3575 | D:5      | Reached XP level 7. HP: 55/55 MP: 8/8
  3618 | D:5      | Reached skill level 5 in Fighting
  3785 | D:5      | Found Raochugh's Antique Armour Shoppe.
  4102 | D:6      | Reached skill level 5 in Dodging
  4179 | D:6      | Found an iron altar of Okawaru.
  4186 | D:6      | Reached skill level 5 in Maces & Flails
  4186 | D:6      | Reached XP level 8. HP: 48/63 MP: 10/10
  4260 | D:6      | Found Puimpuopni's Antique Armour Emporium.
  4270 | D:6      | Bought an embroidered scarf for 224 gold pieces
  4437 | D:6      | Reached ***** piety under Wu Jian
  4486 | D:6      | Found a sparkling altar of Nemelex Xobeh.
  4619 | D:6      | Noticed Edmund
  4628 | D:6      | Killed Edmund
  4668 | D:6      | Reached skill level 6 in Fighting
  4946 | D:7      | Reached XP level 9. HP: 52/71 MP: 12/12
  5150 | D:7      | Reached skill level 5 in Invocations
  5316 | D:7      | Reached skill level 7 in Fighting
  5491 | D:7      | Found Xuafruf's Jewellery Shoppe.
  6321 | D:8      | Noticed a deep elf pyromancer
  6334 | D:8      | Killed a deep elf pyromancer
  6358 | D:8      | Found a runed translucent gate.
  6358 | D:8      | Found a runed translucent gate.
  6359 | D:8      | Found a runed translucent gate.
  6359 | D:8      | Noticed a komodo dragon
  6359 | D:8      | Noticed SnailSD's ghost (novice MiBe)
  6360 | D:8      | Noticed a red ugly thing
  6370 | D:8      | Reached skill level 5 in Armour
  6386 | D:8      | Identified the +1 trident "Demonslayer" {venom, Drain rCorr
                  | Dex+4}
  6833 | D:8      | Found a runed translucent door.
  6833 | D:8      | Noticed a seven-headed hydra
  6833 | D:8      | Noticed a troll
  6834 | D:8      | Found a runed translucent door.
  6834 | D:8      | Noticed a troll
  6834 | D:8      | Noticed a cyclops
  6835 | D:8      | Found a runed translucent door.
  6835 | D:8      | Noticed a gargoyle
  7088 | D:8      | Found a shadowy altar of Dithmenos.
  7088 | D:8      | Found a blossoming altar of Fedhas.
  7333 | D:9      | Gained mutation: You are partially covered in large bone
                  | plates. (SH +4) [demonic ancestry]
  7333 | D:9      | Reached XP level 10. HP: 73/80 MP: 14/14
  7430 | D:9      | Found a staircase to the Lair.
  7439 | D:9      | Reached skill level 8 in Fighting
  7874 | D:9      | Found a hazy altar of Hepliaklqana.
  8028 | D:9      | HP: 3/82 [yak (6)]
  8032 | D:9      | Reached skill level 9 in Fighting
  8306 | D:9      | Found Gozag's Platinum Reserve.
  8312 | D:9      | Found an opulent altar of Gozag.
  8657 | Lair:1   | Entered Level 1 of the Lair of Beasts
  8659 | Lair:1   | Noticed Prince Ribbit
  8669 | Lair:1   | Killed Prince Ribbit
  8673 | D:9      | Slain by a komodo dragon

Illustrated notes

Levels and vault maps discovered:
D:1:      minmay_arrival_shoal_huts, layout_loops_ring, serial_shops, shop,
          serial_bayou, serial_bayou_shore_a, serial_bayou_crossing,
          serial_bayou_pond_b, serial_bayou_pond_d, serial_bayou_ford_a,
          serial_bayou_pond_b, dreamdust_ecumenical_altar_grove,
          minmay_hedge_maze
D:2:      layout_loops_corners, serial_shops, nicolae_shop_real_fake_doors,
          shop, shop, nicolae_shop_stone, nicolae_shop_crystal, corner_web_ring,
          grunt_ministairs_11, hangedman_decor_clover_reticule,
          skrybe_limestone_x, minmay_tromino_v7
D:3:      layout_loops_ring, nicolae_ru_path_of_blood, uniq_grinder
D:4:      layout_loops_corners, dancing_weapons_uskayaw, grunt_qazlal_sundering,
          temple_green
D:5:      layout_rooms, serial_shops, shop
D:6:      layout_loops_ring, nemelex_diamond_rough_becter,
          overflow_temple_1_default, mainiacjoe_overflow_tiny_flanked,
          serial_shops, shop, uniq_edmund
D:7:      layout_layer_cave, serial_shops, shop
D:8:      minmay_the_grid_triangle_9x9_rhombus_full
          [minmay_the_grid_triangle_9x9_fully_insulated_deathbox,
          minmay_the_grid_triangle_9x9_semitri,
          minmay_the_grid_triangle_9x9_empty,
          minmay_the_grid_triangle_9x9_limited_checkers,
          minmay_the_grid_triangle_9x9_corruption,
          minmay_the_grid_triangle_9x9_tough_junction,
          minmay_the_grid_triangle_9x9_zippers_horizontal,
          minmay_the_grid_triangle_9x9_prize_center], layout_rooms,
          gammafunk_temple_overflow_wave, gammafunk_ghost_split,
          kennysheep_generic_room_5
D:9:      layout_rooms, mainiacjoe_overflow_surrounded_room,
          nicolae_gozag_zags_fifth_avenue, minmay_fire_ice_demons
Lair:1:   layout_gridlike, disabler_island, uniq_harold, uniq_prince_ribbit2

Skill      XL: |  1  2  3  4  5  6  7  8  9 10 |
---------------+-------------------------------+-----
Maces & Flails | 3 4 5 6 7 8 |  8.3
Dodging        | 3 4 5 6 7 |  7.0
Fighting       | 4 5 6 7 9 |  9.0
Armour         | 1 2 4 5 6 |  6.9
Invocations    | 1 2 3 4 6 7 |  7.2

Action                     |  1- 3 |  4- 6 |  7- 9 | 10-12 || total
---------------------------+-------+-------+-------+-------++-------
  Melee: Mace              |   129 |       |       |       ||   129
         Whip              |     1 |    79 |   198 |   107 ||   385
 Invoke: Serpent's Lash    |       |       |     1 |     1 ||     2
Ability: Whirlwind         |    11 |       |       |     3 ||    14
         Lunge             |     7 |    11 |    16 |       ||    34
         Wall Jump         |     4 |     2 |       |     1 ||     7
    Use: Potion            |       |       |       |     2 ||     2
 Armour: Ring mail         |    45 |    17 |    25 |       ||    87
         Robe              |     1 |       |       |       ||     1
         Acid dragon scale |       |       |    10 |    25 ||    35
         Steam dragon scal |       |       |     8 |       ||     8
  Dodge: Dodged            |    86 |    28 |   105 |    56 ||   275
  Block: Orb               |       |    10 |    42 |    49 ||   101
         Reflection        |       |       |     1 |     2 ||     3
